| TOP OF THE 1ST |
|
Tulsa Drillers batting - Pitching for Oklahoma City 89ers : LHP Mark Langston
|
|
Pitching: LHP Mark Langston
|
|
|
Batting: SHB Paul Householder
|
0-0: Ball 1-0: Swinging Strike 1-1: Ball 2-1: Called Strike 2-2: Foul Ball, location: 2F 2-2: Foul Ball, location: 2F 2-2: Ball 3-2: Base on Balls
|
|
Batting: RHB Victor Rios
|
0-0: Ball 1-0: Swinging Strike 1-1: Ball 2-1: Ball 3-1: Called Strike 3-2: Foul Ball, location: 2F 3-2: Foul Ball, location: 2F 3-2: Base on Balls Paul Householder to second
|
|
Batting: LHB Jim Adduci
|
0-0: Ball 1-0: Called Strike 1-1: Swinging Strike 1-2: Ball 2-2: Strikes out swinging
|
|
Batting: LHB Mike Pagliarulo
|
0-0: Foul Ball, location: 2F 0-1: Swinging Strike 0-2: Foul Ball, location: 2F 0-2: Strikes out swinging
|
|
Batting: RHB Bob Grandas
|
0-0: Ball 1-0: Foul Ball, location: 2F 1-1: SINGLE (Flyball, 8RS, EV 93.8 MPH) Paul Householder to third Victor Rios to second Runner from 3rd tries for Home, SAFE, throw by CF to home
|
|
Batting: SHB Luis Quinones
|
0-0: Ball 1-0: Ball 2-0: Ground out 4-3 (Groundball, 34, EV 106.9 MPH)
|
| Top of the 1st over - 1 run, 1 hit, 0 errors, 2 left on base; Tulsa 1 - Oklahoma City 0 |
| BOTTOM OF THE 1ST |
|
Oklahoma City 89ers batting - Pitching for Tulsa Drillers : LHP Bob Buchanan
|
|
Pitching: LHP Bob Buchanan
|
|
|
Batting: RHB James Glenn
|
0-0: Ground out 5-3 (Groundball, 56, EV 102.5 MPH)
|
|
Batting: RHB John Christensen
|
0-0: Ball 1-0: Ball 2-0: Called Strike 2-1: Foul Ball, location: 2F 2-2: Foul Ball, location: 2F 2-2: SINGLE (Line Drive, 56D, EV 96.9 MPH)
|
|
Batting: RHB Cecil Fielder
|
0-0: Ball Pickoff Throw to First - Error! E1 John Christensen to second 1-0: Called Strike 1-1: Ball 2-1: Called Strike 2-2: Strikes out swinging
|
|
Batting: RHB Tim Tolman
|
0-0: Ground out 5-3 (Groundball, 15, EV 77.5 MPH)
|
| Bottom of the 1st over - 0 runs, 1 hit, 1 error, 1 left on base; Tulsa 1 - Oklahoma City 0 |
| TOP OF THE 2ND |
|
Tulsa Drillers batting - Pitching for Oklahoma City 89ers : LHP Mark Langston
|
|
Batting: RHB Nick Belmonte
|
0-0: Ball 1-0: Called Strike 1-1: Ball 2-1: Foul Ball, location: 2F 2-2: Strikes out swinging
|
|
Batting: RHB Steve Herz
|
0-0: Ball 1-0: Called Strike 1-1: Ball 2-1: Swinging Strike 2-2: Strikes out swinging
|
|
Batting: RHB Onix Concepcion
|
0-0: Fly out, F8 (Flyball, 8RM, EV 95.0 MPH)
|
| Top of the 2nd over - 0 runs, 0 hits, 0 errors, 0 left on base; Tulsa 1 - Oklahoma City 0 |
| BOTTOM OF THE 2ND |
|
Oklahoma City 89ers batting - Pitching for Tulsa Drillers : LHP Bob Buchanan
|
|
Batting: LHB Tom O'Malley
|
0-0: Foul Ball, location: 2F 0-1: Called Strike 0-2: Foul Ball, location: 2F 0-2: Ball 1-2: Ball 2-2: Ball 3-2: Base on Balls
|
|
Batting: RHB Richard Howard
|
0-0: Called Strike 0-1: Ball 1-1: Foul Ball, location: 2F 1-2: Ball 2-2: Foul Ball, location: 2F 2-2: Foul Ball, location: 2F 2-2: Fielders Choice at 2nd, 5-4 (Groundball, 56, EV 100.0 MPH)
|
|
Batting: RHB Nick Esasky
|
0-0: Foul Ball, location: 2F 0-1: Ball 1-1: Fly out, F9 (Flyball, 9D, EV 89.4 MPH)
|
|
Batting: RHB Danny Jasso
|
0-0: Called Strike 0-1: Ground out 4-3 (Groundball, 4, EV 82.5 MPH)
|
| Bottom of the 2nd over - 0 runs, 0 hits, 0 errors, 1 left on base; Tulsa 1 - Oklahoma City 0 |
| TOP OF THE 3RD |
|
Tulsa Drillers batting - Pitching for Oklahoma City 89ers : LHP Mark Langston
|
|
Batting: SHB Paul Householder
|
0-0: Called Strike 0-1: Fly out, F9 (Flyball, 9LS, EV 91.9 MPH)
|
|
Batting: RHB Victor Rios
|
0-0: Ball 1-0: Called Strike 1-1: Called Strike 1-2: Ball 2-2: Ball 3-2: Base on Balls
|
|
Batting: LHB Jim Adduci
|
0-0: Ball 1-0: Ball 2-0: Called Strike 2-1: Called Strike 2-2: Ball 3-2: Strikes out looking
|
|
Batting: LHB Mike Pagliarulo
|
0-0: Called Strike Victor Rios is caught stealing 2nd base 2-6
|
| Top of the 3rd over - 0 runs, 0 hits, 0 errors, 0 left on base; Tulsa 1 - Oklahoma City 0 |
| BOTTOM OF THE 3RD |
|
Oklahoma City 89ers batting - Pitching for Tulsa Drillers : LHP Bob Buchanan
|
|
Batting: RHB Ron Tingley
|
0-0: Called Strike 0-1: Foul Ball, location: 2F 0-2: Strikes out looking
|
|
Batting: RHB James Glenn
|
0-0: Foul Ball, location: 2F 0-1: Called Strike 0-2: Foul Ball, location: 2F 0-2: Ball 1-2: Foul Ball, location: 2F 1-2: Ball 2-2: Ball 3-2: Base on Balls
|
|
Batting: RHB John Christensen
|
0-0: Called Strike 0-1: SINGLE (Flyball, 6D, EV 85.0 MPH) James Glenn to second
|
|
Batting: RHB Cecil Fielder
|
0-0: Ball 1-0: Swinging Strike 1-1: Reached on error, E8 (Flyball, 8LM, EV 89.4 MPH) James Glenn to third John Christensen to second
|
|
Batting: RHB Tim Tolman
|
0-0: Called Strike 0-1: Ball 1-1: Called Strike 1-2: Strikes out swinging
|
|
Batting: LHB Tom O'Malley
|
0-0: Ball 1-0: Ball 2-0: Ground out 4-3 (Groundball, 4, EV 88.1 MPH)
|
| Bottom of the 3rd over - 0 runs, 1 hit, 1 error, 3 left on base; Tulsa 1 - Oklahoma City 0 |
| TOP OF THE 4TH |
|
Tulsa Drillers batting - Pitching for Oklahoma City 89ers : LHP Mark Langston
|
|
Batting: LHB Mike Pagliarulo
|
0-0: Ball 1-0: Ball 2-0: Ball 3-0: Called Strike 3-1: Ground out 3-1 (Groundball, 34, EV 80.6 MPH)
|
|
Batting: RHB Bob Grandas
|
0-0: Ground out 5-3 (Groundball, 5, EV 83.8 MPH)
|
|
Batting: SHB Luis Quinones
|
0-0: Foul Ball, location: 2F 0-1: Ball 1-1: Reached on error, E6 (Groundball, 6, EV 84.4 MPH)
|
|
Batting: RHB Nick Belmonte
|
0-0: Ball 1-0: Ball 2-0: Called Strike Luis Quinones steals 2nd, throwing error, E2 Luis Quinones to third 2-1: SINGLE (Line Drive, 89S, EV 86.3 MPH) Luis Quinones scores
|
|
Batting: RHB Steve Herz
|
0-0: Called Strike 0-1: Ball 1-1: Called Strike 1-2: Fly out, F7 (Flyball, 78D, EV 87.5 MPH)
|
| Top of the 4th over - 1 run, 1 hit, 2 errors, 1 left on base; Tulsa 2 - Oklahoma City 0 |
| BOTTOM OF THE 4TH |
|
Oklahoma City 89ers batting - Pitching for Tulsa Drillers : LHP Bob Buchanan
|
|
Batting: RHB Richard Howard
|
0-0: Ball 1-0: SINGLE (Line Drive, 89M, EV 87.5 MPH)
|
|
Batting: RHB Nick Esasky
|
0-0: Hit by Pitch Richard Howard to second
|
|
Batting: RHB Danny Jasso
|
0-0: Ball 1-0: Ball 2-0: Called Strike 2-1: Swinging Strike 2-2: Reached on error, E4 (Groundball, 4, EV 81.9 MPH) Richard Howard to third Nick Esasky to second
|
|
Batting: RHB Ron Tingley
|
0-0: Ball 1-0: GRAND SLAM HOME RUN (Flyball, 78XD, EV 102.5 MPH), Distance : 405 ft
|
|
Batting: RHB James Glenn
|
0-0: Called Strike 0-1: SINGLE (Line Drive, 6MD, EV 105.0 MPH)
|
|
Batting: RHB John Christensen
|
0-0: Ball 1-0: Ball 2-0: Called Strike 2-1: Swinging Strike 2-2: Strikes out swinging
|
|
Batting: RHB Cecil Fielder
|
0-0: Called Strike 0-1: Ball James Glenn steals 2nd base (no throw) 1-1: Ball 2-1: Ball 3-1: Ground out 6-3 (Groundball, 6, EV 95.0 MPH) James Glenn to third
|
|
Batting: RHB Tim Tolman
|
0-0: Called Strike 0-1: Ball 1-1: Ball 2-1: Ball 3-1: Ground out 5-3 (Groundball, 5, EV 86.9 MPH)
|
| Bottom of the 4th over - 4 runs, 3 hits, 1 error, 1 left on base; Tulsa 2 - Oklahoma City 4 |
| TOP OF THE 5TH |
|
Tulsa Drillers batting - Pitching for Oklahoma City 89ers : LHP Mark Langston
|
|
Batting: RHB Onix Concepcion
|
0-0: Foul Ball, location: 2F 0-1: Foul Ball, location: 2F 0-2: Ball 1-2: Foul Ball, location: 2F 1-2: Ball 2-2: Ball 3-2: Foul Ball, location: 2F 3-2: Foul Ball, location: 2F 3-2: Foul Ball, location: 2F 3-2: Fly out, F8 (Flyball, 8LM, EV 88.1 MPH)
|
|
Batting: SHB Paul Householder
|
0-0: Called Strike 0-1: Ball 1-1: Ball 2-1: Called Strike 2-2: Strikes out looking
|
|
Batting: RHB Victor Rios
|
0-0: Ball 1-0: Ball 2-0: Called Strike 2-1: Foul Ball, location: 2F 2-2: Ground out 5-3 (Groundball, 56, EV 83.8 MPH)
|
| Top of the 5th over - 0 runs, 0 hits, 0 errors, 0 left on base; Tulsa 2 - Oklahoma City 4 |
| BOTTOM OF THE 5TH |
|
Oklahoma City 89ers batting - Pitching for Tulsa Drillers : LHP Bob Buchanan
|
|
Batting: LHB Tom O'Malley
|
0-0: Ball 1-0: Ball 2-0: Foul Ball, location: 2F 2-1: Ball 3-1: Foul Ball, location: 2F 3-2: SINGLE (Line Drive, 89M, EV 106.9 MPH)
|
|
Batting: RHB Richard Howard
|
0-0: Ball 1-0: Sac Bunt to 2L - play at first, batter OUT! 2-4 Tom O'Malley to second
|
|
Batting: RHB Nick Esasky
|
0-0: Called Strike 0-1: Ball 1-1: Ball 2-1: Ball 3-1: Foul Ball, location: 2F 3-2: Strikes out swinging
|
|
Batting: RHB Danny Jasso
|
0-0: Called Strike 0-1: Foul Ball, location: 2F 0-2: Ball 1-2: Ball Wild Pitch! Tom O'Malley to third 2-2: SINGLE (Line Drive, 9S, EV 100.6 MPH) Tom O'Malley scores
|
|
Batting: RHB Ron Tingley
|
0-0: Called Strike 0-1: Ball Passed Ball! Danny Jasso to second 1-1: Ground out U3 (Groundball, 34S, EV 81.9 MPH)
|
| Bottom of the 5th over - 1 run, 2 hits, 0 errors, 1 left on base; Tulsa 2 - Oklahoma City 5 |
| TOP OF THE 6TH |
|
Tulsa Drillers batting - Pitching for Oklahoma City 89ers : LHP Mark Langston
|
|
Batting: LHB Jim Adduci
|
0-0: Called Strike 0-1: Foul Ball, location: 2F 0-2: Ball 1-2: Ball 2-2: Strikes out swinging
|
|
Batting: LHB Mike Pagliarulo
|
0-0: Called Strike 0-1: Swinging Strike 0-2: Ball 1-2: Foul Ball, location: 2F 1-2: Ball 2-2: Foul Ball, location: 2F 2-2: Fly out, F7 (Flyball, 78M, EV 91.9 MPH)
|
|
Batting: RHB Bob Grandas
|
0-0: Called Strike 0-1: Ball 1-1: Swinging Strike 1-2: Strikes out looking
|
| Top of the 6th over - 0 runs, 0 hits, 0 errors, 0 left on base; Tulsa 2 - Oklahoma City 5 |
| BOTTOM OF THE 6TH |
|
Oklahoma City 89ers batting - Pitching for Tulsa Drillers : LHP Bob Buchanan
|
|
Batting: RHB James Glenn
|
0-0: Ball 1-0: Ball 2-0: Called Strike 2-1: Fly out, F7 (Flyball, 78D, EV 106.3 MPH)
|
|
Batting: RHB John Christensen
|
0-0: Called Strike 0-1: Foul Ball, location: 2F 0-2: Ball 1-2: Foul Ball, location: 2F 1-2: Ground out 6-3 (Groundball, 56, EV 106.3 MPH)
|
|
Batting: RHB Cecil Fielder
|
0-0: Ball 1-0: Foul Ball, location: 2F 1-1: Foul Ball, location: 2F 1-2: Single, Error in OF, E9, batter to second base (Groundball, 34D, EV 95.6 MPH)
|
|
Batting: RHB Tim Tolman
|
0-0: SINGLE (Groundball, 4D, EV 108.1 MPH) Cecil Fielder to third Runner from 3rd tries for Home, SAFE, throw by RF to home
|
|
Pitching: RHP Tom D Brown
|
|
|
Batting: LHB Tom O'Malley
|
0-0: Ball 1-0: Ground out U3 (Groundball, 3, EV 83.8 MPH)
|
| Bottom of the 6th over - 1 run, 2 hits, 1 error, 1 left on base; Tulsa 2 - Oklahoma City 6 |
| TOP OF THE 7TH |
|
Tulsa Drillers batting - Pitching for Oklahoma City 89ers : LHP Mark Langston
|
|
Batting: SHB Luis Quinones
|
0-0: Fly out, F8 (Line Drive, 8LD, EV 107.5 MPH)
|
|
Batting: RHB Nick Belmonte
|
0-0: Ball 1-0: SINGLE (Groundball, 56D, EV 98.1 MPH)
|
|
Batting: RHB Steve Herz
|
0-0: Swinging Strike 0-1: Ball 1-1: Foul Ball, location: 2F 1-2: Ball 2-2: Foul Ball, location: 2F 2-2: Ball 3-2: Base on Balls Nick Belmonte to second
|
|
Batting: RHB Onix Concepcion
|
0-0: SINGLE (Flyball, 34D, EV 89.4 MPH) Nick Belmonte to third Steve Herz to second
|
|
Batting: SHB Paul Householder
|
0-0: Ball 1-0: Called Strike 1-1: Reached on error, E1 (Groundball, 13, EV 66.9 MPH) Nick Belmonte scores Steve Herz to third Onix Concepcion to second
|
|
Batting: RHB Victor Rios
|
0-0: Called Strike 0-1: Ball 1-1: Ball 2-1: SINGLE (Groundball, 34D, EV 103.1 MPH) Steve Herz scores Onix Concepcion to third Paul Householder to second Runner from 3rd tries for Home, SAFE, throw by RF to home
|
|
Pitching: RHP Gilberto Mendoza
|
|
|
Batting: LHB Jim Adduci
|
0-0: Foul Ball, location: 2F 0-1: Ball 1-1: Foul Ball, location: 2F 1-2: Strikes out swinging
|
|
Batting: LHB Mike Pagliarulo
|
0-0: Ball 1-0: Fielders Choice at 2nd, 6-4 (Groundball, 6, EV 106.9 MPH)
|
| Top of the 7th over - 3 runs, 3 hits, 1 error, 2 left on base; Tulsa 5 - Oklahoma City 6 |
| BOTTOM OF THE 7TH |
|
Oklahoma City 89ers batting - Pitching for Tulsa Drillers : RHP Tom D Brown
|
|
Batting: RHB Richard Howard
|
0-0: Ball 1-0: Ball 2-0: Called Strike 2-1: Called Strike 2-2: Foul Ball, location: 2F 2-2: Fly out, F9 (Flyball, 9S, EV 93.8 MPH)
|
|
Batting: RHB Nick Esasky
|
0-0: Called Strike 0-1: Foul Ball, location: 2F 0-2: Ball 1-2: Foul Ball, location: 2F 1-2: Strikes out looking
|
|
Batting: RHB Danny Jasso
|
0-0: Ball 1-0: Foul Ball, location: 2F 1-1: Ball 2-1: Ball 3-1: Ground out 5-3 (Groundball, 56, EV 102.5 MPH)
|
| Bottom of the 7th over - 0 runs, 0 hits, 0 errors, 0 left on base; Tulsa 5 - Oklahoma City 6 |
| TOP OF THE 8TH |
|
Tulsa Drillers batting - Pitching for Oklahoma City 89ers : RHP Gilberto Mendoza
|
|
Batting: RHB Bob Grandas
|
0-0: Ball 1-0: Ball 2-0: Ball 3-0: Called Strike 3-1: Base on Balls
|
|
Batting: SHB Luis Quinones
|
0-0: Called Strike 0-1: Foul Ball, location: 2F 0-2: Ball 1-2: Foul Ball, location: 2F 1-2: Ball 2-2: Grounds into double play, 6-4-3 (Groundball, 6S, EV 87.5 MPH)
|
|
Batting: RHB Nick Belmonte
|
0-0: Ball 1-0: Ball 2-0: Fly out, F8 (Line Drive, 8RM, EV 88.1 MPH)
|
| Top of the 8th over - 0 runs, 0 hits, 0 errors, 0 left on base; Tulsa 5 - Oklahoma City 6 |
| BOTTOM OF THE 8TH |
|
Oklahoma City 89ers batting - Pitching for Tulsa Drillers : RHP Tom D Brown
|
|
Batting: RHB Ron Tingley
|
0-0: Called Strike 0-1: Ball 1-1: Swinging Strike 1-2: Strikes out swinging
|
|
Batting: RHB James Glenn
|
0-0: Foul Ball, location: 2F 0-1: Ball 1-1: Ball 2-1: Swinging Strike 2-2: Foul Ball, location: 2F 2-2: Fly out, F8 (Line Drive, 8RD, EV 86.3 MPH)
|
|
Batting: RHB John Christensen
|
0-0: Called Strike 0-1: SINGLE (Groundball, 6MD, EV 95.0 MPH)
|
|
Batting: RHB Cecil Fielder
|
0-0: Ball 1-0: Ball 2-0: DOUBLE (Groundball, 5L, EV 105.6 MPH) John Christensen to third Runner from 3rd tries for Home, SAFE, no throw by LF
|
|
Batting: RHB Tim Tolman
|
0-0: Ball 1-0: Ball Passed Ball! Cecil Fielder to third 2-0: Ball 3-0: Called Strike 3-1: Foul Ball, location: 2F 3-2: Foul Ball, location: 2F 3-2: Foul Ball, location: 2F 3-2: Foul Ball, location: 2F 3-2: Base on Balls
|
|
Pitching: RHP David Melendez
|
|
|
Batting: LHB Tom O'Malley
|
0-0: Ground out 4-3 (Groundball, 34D, EV 110.6 MPH)
|
| Bottom of the 8th over - 1 run, 2 hits, 0 errors, 2 left on base; Tulsa 5 - Oklahoma City 7 |
| TOP OF THE 9TH |
|
Tulsa Drillers batting - Pitching for Oklahoma City 89ers : RHP Gilberto Mendoza
|
|
Pitching: RHP Ernie Camacho
|
|
|
Batting: RHB Steve Herz
|
0-0: Fly out, F9 (Flyball, 89D, EV 75.0 MPH)
|
|
Batting: RHB Onix Concepcion
|
0-0: Called Strike 0-1: Ball 1-1: Ground out 6-3 (Groundball, 6, EV 96.9 MPH)
|
|
Batting: SHB Paul Householder
|
0-0: Called Strike 0-1: Ball 1-1: Ball 2-1: Foul Ball, location: 2F 2-2: Ball 3-2: SINGLE (Line Drive, 9LS, EV 101.3 MPH)
|
|
Batting: RHB Victor Rios
|
0-0: Foul Ball, location: 2F 0-1: Ball 1-1: Called Strike 1-2: Foul Ball, location: 2F 1-2: Foul Ball, location: 2F 1-2: SINGLE (Line Drive, 34D, EV 99.4 MPH) Paul Householder to second
|
|
Batting: LHB Jim Adduci
|
0-0: Ball 1-0: Called Strike 1-1: Swinging Strike 1-2: Ball 2-2: Ball 3-2: Base on Balls Paul Householder to third Victor Rios to second
|
|
Batting: LHB Mike Pagliarulo
|
0-0: Ball 1-0: Ball 2-0: SINGLE (Flyball, 89S, EV 95.0 MPH) Paul Householder scores Victor Rios to third Jim Adduci to second Runner from 3rd tries for Home, SAFE, throw by CF to home
|
|
Batting: LHB Randy Braun
|
0-0: Called Strike 0-1: Ball 1-1: SINGLE (Groundball, 4D, EV 101.3 MPH) Jim Adduci to third Mike Pagliarulo to second Runner from 3rd tries for Home, SAFE, throw by CF to home
|
|
Batting: SHB Luis Quinones
|
0-0: Foul Ball, location: 2F 0-1: Ball 1-1: Fielders Choice at 2nd, 5-4 (Groundball, 56, EV 84.4 MPH)
|
| Top of the 9th over - 3 runs, 4 hits, 0 errors, 2 left on base; Tulsa 8 - Oklahoma City 7 |
| BOTTOM OF THE 9TH |
|
Oklahoma City 89ers batting - Pitching for Tulsa Drillers : RHP David Melendez
|
|
Pitching: RHP Bert Roberge
|
|
|
Batting: RHB Richard Howard
|
0-0: Called Strike 0-1: Ball 1-1: Foul Ball, location: 2F 1-2: Ball 2-2: Foul Ball, location: 2F 2-2: Foul Ball, location: 2F 2-2: SINGLE (Groundball, 56D, EV 98.8 MPH)
|
|
Batting: RHB Nick Esasky
|
0-0: Ball 1-0: Called Strike 1-1: Ball 2-1: Ball 3-1: Foul Ball, location: 2F 3-2: Strikes out swinging
|
|
Pinch Hitting: RHB David Green
|
0-0: Ball 1-0: Foul Ball, location: 2F 1-1: Foul Ball, location: 2F 1-2: Foul Ball, location: 2F 1-2: Ball 2-2: Strikes out swinging
|
|
Batting: RHB Ron Tingley
|
0-0: Ball 1-0: Fly out, F9 (Flyball, 89S, EV 81.9 MPH)
|
| Bottom of the 9th over - 0 runs, 1 hit, 0 errors, 1 left on base; Tulsa 8 - Oklahoma City 7 |
|